Unix NetHack Version 3.7.0-65 Work-in-progress - last build Oct 10 2022 05:34:18 (2afc5cfc90f7ecdc2856d9919a2295b875398e55,branch:master). Game began 2022-10-15 21:34:06, ended 2022-10-15 21:47:21. aerth, neutral female human Monk ------- |......# ||....|# ------ ##......|# #-....| Z -------# #|....| @ # #|....| e # #--.--- ### # # ) -----------# ## # # |......>..|# # # # |.........|# # # ) |.........|# # ## #### |..........# ## -----------# # ----------- # |..........# # #-.----- ### |.........| --.-+- #|......####### |.........| .....| #......| ### # |.........+ |<...| |.....| 0#####..........| |....| ------- ----------- ------ Aerth the Novice St:16 Dx:14 Co:14 In:9 Wi:16 Ch:7 Neutral Dlvl:3 $:41 HP:0(34) Pw:27(27) AC:3 Xp:4/101 T:1133 Latest messages: (For instructions type a '?') r - a bat corpse. Where do you want to travel to? (For instructions type a '?') # What do you want to sacrifice? [kr or ?*] Your sacrifice is consumed in a cloud of smoke! 3 lichen corpses land on the altar. A scroll called 80 lands on the altar. A spellbook called 100 lands on the altar. A clear potion lands on the altar. A potion called 300 lands on the altar. A wand called 150nothing lands on the altar. A candle lands on the altar. A key lands on the altar. A key lands on the altar. k - 3 uncursed lichen corpses. t - an uncursed scroll called 80. m - an uncursed spellbook called 100. p - an uncursed clear potion. o - an uncursed potion called 300. n - an uncursed wand called 150nothing. l - an uncursed candle. w - an uncursed key. u - an uncursed key. Where do you want to travel to? (For instructions type a '?') You hit the dwarf zombie! You destroy the dwarf zombie! You see here a dwarf corpse. Where do you want to travel to? (For instructions type a '?') You descend the stairs. Where do you want to travel to? (For instructions type a '?') You hit the floating eye! You are frozen by the floating eye's gaze! The runed dagger misses the floating eye. You are hit by a runed dagger. The gnome zombie hits! The gnome zombie hits! The gnome zombie hits! The gnome zombie hits! The gnome zombie hits! The gnome zombie hits! The gnome zombie hits! The gnome zombie hits! The gnome zombie hits! The gnome zombie hits! You die... Inventory: Coins ('$') $ - 41 gold pieces Armor ('[') a - an uncursed +2 pair of leather gloves (being worn) q - an uncursed +0 pair of speed boots (being worn) b - an uncursed +1 robe (being worn) Comestibles ('%') h - 7 uncursed apples g - 3 uncursed food rations j - 4 uncursed fortune cookies i - 5 uncursed oranges k - 3 uncursed lichen corpses Scrolls ('?') d - an uncursed scroll of light t - an uncursed scroll of remove curse Spellbooks ('+') m - an uncursed spellbook of confuse monster c - a blessed spellbook of healing Potions ('!') f - a blessed potion of healing e - 2 uncursed potions of healing o - an uncursed potion of paralysis p - an uncursed potion of water Wands ('/') n - an uncursed wand of slow monster (0:7) Tools ('(') u - an uncursed skeleton key w - an uncursed skeleton key l - an uncursed tallow candle Aerth the Monk's attributes: Background: You were a Novice, a level 4 female human Monk. You were neutral, on a mission for Chih Sung-tzu who was opposed by Shan Lai Ching (lawful) and Huan Ti (chaotic). You were in the Dungeons of Doom, on level 3. You entered the dungeon 1133 turns ago. You had 101 experience points, 59 more were needed to attain level 5. Basics: You had 0 out of 34 hit points. You had all 27 energy points (spell power). Your armor class was 3. Your wallet contained 41 zorkmids. Autopickup was on for '$?!"=/*', with exceptions. Final Characteristics: Your strength was 16 (limit:18/100). Your dexterity was 14 (limit:18). Your constitution was 14 (limit:18). Your intelligence was 9 (limit:18). Your wisdom was 16 (limit:18). Your charisma was 7 (limit:18). Final Status: You were not hungry. You were unencumbered. You were empty handed. You had basic skill with martial arts. Final Attributes: You were devoutly aligned. You were sleep resistant. You were poison resistant. You saw invisible. You were guarded. You were very fast. You are dead. Miscellaneous: You disabled loading of bones levels. Total elapsed playing time was 7 minutes and 18 seconds. Major events: Turn 1: aerth the neutral female human Monk entered the dungeon 515: attained the rank of Novice (level 3) 706: entered the Gnomish Mines 1133: killed by a gnome zombie, while frozen by a floating eye's gaze Vanquished creatures: a shrieker a kobold leader a dwarf zombie 3 coyotes 2 hobbits a large kobold a giant rat a gecko 4 jackals a goblin a sewer rat a grid bug a bat 6 lichens a kobold zombie 3 newts 29 creatures vanquished. No species were genocided or became extinct. Voluntary challenges: You followed a strict vegan diet. You never hit with a wielded weapon. You read items or engraved 2 times. You never engraved Elbereth. You never genocided any monsters. You never polymorphed an object. You never changed form. You used no wishes. Achievements: You attained the rank of Novice. You entered the Gnomish Mines. You entered a shop. The Dungeons of Doom: levels 1 to 5 Level 1: "vault" A fountain. Level 2: An altar to Chih Sung-tzu. Level 3: <- You were here. A grave. Final resting place for you, killed by a gnome zombie, while frozen by a floating eye's gaze. Level 4: A general store, an altar, many fountains. Stairs down to The Gnomish Mines. Level 5: A fountain. The Gnomish Mines: Level 5: Game over: ---------- / \ / REST \ / IN \ / PEACE \ / \ | aerth | | 41 Au | | killed by a | | gnome zombie | | | | | | 2022 | *| * * * | * _________)/\\_//(\/(/\)/\//\/|_)_______ Goodbye aerth the Monk... You died in The Dungeons of Doom on dungeon level 3 with 641 points, and 41 pieces of gold, after 1133 moves. You were level 4 with a maximum of 34 hit points when you died.